 Dungeon Crawl Stone Soup version 0.31.0-11-ge490571c62 (webtiles) character file.

Game seed: 17513707941428637425

490 Killerpretzel the Changeling (level 7, 0/46 HPs)
             Began as an Octopode Shapeshifter on Feb 9, 2024.
             Succumbed to a scorpion's poison
             ... on level 3 of the Dungeon.
             The game lasted 00:06:21 (3360 turns).

Killerpretzel the Changeling (OpSh)                 Turns: 3360, Time: 00:06:21

Health: 0/46       AC:  1    Str: 13    XL:     7   Next: 14%
Magic:  7/7        EV: 14    Int: 13    God:
Gold:   149        SH:  0    Dex: 13    Spells: 6/6 levels left

rFire   . . .        n - +1 dagger (elec)
rCold   . . .        (no shield)
rNeg    . . .        (helmet currently unavailable)
rPois   .            (no amulet)
rElec   .            (no ring)
rCorr   .            (no ring)
SInv    .            (no ring)
Will    .....        (no ring)
Stlth   ++           (no ring)
HPRegen 0.27/turn    (no ring)
MPRegen 0.10/turn    (no ring)
                     (no ring)

%: no passive effects
@: lethally poisoned (0 -> -4), beast-form, hasted, very quick
A: beast (slay +2), almost no armour, amphibious, 8 rings, camouflage 1,
gelatinous body 1, (nimble swimmer 1), tentacles
a: Begin Untransformation


You were on level 3 of the Dungeon.
You were a hulking beast.
You visited 1 branch of the dungeon, and saw 4 of its levels.

You collected 149 gold pieces.

Inventory:

Hand Weapons
 h - a +0 rapier
 n - a +1 dagger of electrocution (weapon)
Talismans
 b - a beast talisman
 c - a flux talisman
Scrolls
 d - 5 scrolls of identify
 g - a scroll of teleportation
Potions
 f - 3 potions of enlightenment
 j - a potion of mutation
 l - a potion of brilliance


   Skills:
 + Level 3.2 Fighting
 + Level 3.7 Dodging
 + Level 4.3 Unarmed Combat
 * Level 5.1 Shapeshifting


You had 6 spell levels left.
You didn't know any spells.
Your spell library contained the following spells:

 Spells                   Type           Power      Damage    Failure   Level
 Sting                    Conj/Alch      0%         1d3       30%         1
 Mercury Vapours          Alch/Air       0%         N/A       43%         2
 Ignite Poison            Fire/Alch      0%         N/A       97%         4
 Olgreb's Toxic Radiance  Alch           0%         N/A       97%         4
 Sticky Flame             Fire/Alch      0%         2d4       97%         4
 Ignition                 Fire           0%         3d3       100%        8


Dungeon Overview and Level Annotations

Branches:
Dungeon (4/15)
 Temple: D:4-7

Altars:
Dithmenos
Fedhas

Shops:
D:3 *:(


Innate Abilities, Weirdness & Mutations

You are a hulking beast.
Your limbs bulge with bestial killing power. (Slay +2)
You cannot wear most types of armour.
You are amphibious.
You can wear up to eight rings at the same time.
Your skin changes colour to match your surroundings (Stealth+).
Your rubbery body absorbs attacks. (AC +1, EV +1)
((You are camouflaged when in or above water. (Stealth+)))
You have tentacles for arms and can constrict up to eight enemies at once.


Message History

There is a stone staircase leading down here.
You hit the gnoll. Your grab misses the gnoll. Your squeeze misses the gnoll.
The gnoll is moderately wounded.
The scorpion stings you.
* * * LOW HITPOINT WARNING * * *
You are lethally poisoned!
The scorpion poisons you! The gnoll barely misses you.
You feel much better.
You feel very sick. The scorpion stings you. The gnoll closely misses you.
You feel yourself speed up.
You feel very sick. The scorpion stings you!
You are lethally poisoned!
The scorpion poisons you! The gnoll misses you. The scorpion stings you.
* * * LOW HITPOINT WARNING * * *
You hit the gnoll. Lightning courses through the gnoll!
You kill the gnoll!
* * * LOW HITPOINT WARNING * * *
You feel sick.
You have reached level 7!
You hit the scorpion.
You kill the scorpion!
* * * LOW HITPOINT WARNING * * *
You feel sick.
There is a lethal amount of poison in your body!
Okay, then.
* * * LOW HITPOINT WARNING * * *
You feel sick.
Things that are here:
a +0 whip; a gnoll corpse
* * * LOW HITPOINT WARNING * * *
You feel sick.
* * * LOW HITPOINT WARNING * * *
You feel sick.
* * * LOW HITPOINT WARNING * * *
You feel sick.
* * * LOW HITPOINT WARNING * * *
You feel sick.
You die...

####### ##......
#####...####
#...........
#.###...##..
#######.###...##..
#...............[.
#h#####.###.......
#.###.#.# ##.#....
#.##....# #.#....
#.###.### #.#.<..
#.# #.# #.#....
#.# #.# #.#.###
#)# #.# #......
#># #.# #######
#.# #.#


There were no monsters in sight!

Vanquished Creatures
  A black bear (D:4)
  A sky beast (D:3)
  A scorpion (D:3)
  A bombardier beetle (D:3)
  Natasha (thrice) (D:2)
  An iguana (D:4)
  A gnoll (D:3)
  4 adders
  A white imp (D:3)
  2 ribbon worms (D:3)
  5 endoplasms
  2 giant cockroaches
  6 goblins
  3 hobgoblins
  10 jackals
  3 quokkas
  6 ball pythons
  3 bats
  8 frilled lizards
  A kobold (D:3)
  4 rats
67 creatures vanquished.

Notes
Turn   | Place    | Note
-------+----------+-------------------------------------------
     0 | D:1      | Killerpretzel the Octopode Shapeshifter began the quest for
                  | the Orb.
     0 | D:1      | Reached XP level 1. HP: 13/13 MP: 1/1
   113 | D:1      | Reached XP level 2. HP: 18/18 MP: 2/2
   983 | D:2      | Reached XP level 3. HP: 17/23 MP: 3/3
  1137 | D:2      | Noticed Natasha
  1144 | D:2      | Killed Natasha
  1255 | D:2      | Reached XP level 4. HP: 29/29 MP: 4/4
  1309 | D:2      | Found a shadowy altar of Dithmenos.
  1323 | D:2      | Noticed Natasha
  1330 | D:2      | Killed Natasha
  1375 | D:2      | Noticed Natasha
  1380 | D:2      | Killed Natasha
  1381 | D:2      | Reached skill level 4 in Shapeshifting
  1381 | D:2      | Reached XP level 5. HP: 24/34 MP: 5/5
  2189 | D:3      | Found Rommonn's General Store.
  2394 | D:3      | Found a blossoming altar of Fedhas.
  2443 | D:3      | Found Tonec's Antique Weapon Emporium.
  2477 | D:3      | Found Xyt Noink's Book Shop.
  2507 | D:3      | Found a faded altar of an unknown god.
  2613 | D:3      | Noticed a sky beast
  2638 | D:3      | Killed a sky beast
  2639 | D:3      | Reached XP level 6. HP: 8/41 MP: 6/6
  3186 | D:4      | Noticed a black bear
  3336 | D:4      | Killed a black bear
  3341 | D:4      | Reached skill level 5 in Shapeshifting
  3353 | D:3      | Reached XP level 7. HP: 9/46 MP: 7/7
  3357 | D:3      | HP: 2/46 [poisoned by a scorpion]
  3360 | D:3      | Succumbed to a scorpion's poison

Illustrated notes

Levels and vault maps discovered:
D:1:      nzn_arrival_water_spiral, layout_basic, minmay_crystal_room,
          reono_crystal_passage
D:2:      layout_loops_corners, basic_altar, uniq_natasha
D:3:      layout_loops_ring, mainiacjoe_overflow_tiny_flanked,
          shapermc_ecumenical_altar_venn, serial_shops, shop,
          nicolae_shop_pleasant_corner_grove, nicolae_square_shop
D:4:      layout_rooms, minmay_misc_feat_diagonals

Skill      XL: |  1  2  3  4  5  6 |
---------------+-------------------+-----
Fighting       | 2 3 |  3.2
Shapeshifting  | 4 5 |  5.1
Dodging        | 3 |  3.7
Unarmed Combat | 4 |  4.3

Action                     |  1- 3 |  4- 6 |  7- 9 || total
---------------------------+-------+-------+-------++-------
  Melee: Unarmed           |    45 |    22 |       ||    67
         Constrict         |    14 |    21 |       ||    35
         Tentacles         |     9 |    18 |       ||    27
         Rapier            |       |    56 |       ||    56
         Punch             |       |     2 |       ||     2
         Dagger            |       |    15 |     1 ||    16
    Use: Scroll            |     2 |     8 |       ||    10
         Potion            |       |     3 |       ||     3
   Stab: Sleeping          |     6 |     7 |       ||    13
 Armour: Skin              |    22 |    63 |       ||    85
  Dodge: Dodged            |    17 |    53 |       ||    70
